 Dungeon Crawl Stone Soup version 0.24-a0-201-gf205589 (webtiles) character file.

Game seed: 17544062868739079357

112 mhoghedin the Skirmisher (level 5, -1/33 HPs)
             Began as a Kobold Fighter on Mar 25, 2019.
             Slain by a worm (6 damage)
             ... on level 2 of the Dungeon.
             The game lasted 00:01:26 (1054 turns).

mhoghedin the Skirmisher (Kobold Fighter)           Turns: 1054, Time: 00:01:26

Health: -1/33      AC:  6    Str: 15    XL:     5   Next: 16%
Magic:  5/5        EV:  9    Int:  9    God:
Gold:   66         SH:  9    Dex: 14    Spells: 4/4 levels left

rFire    . . .     SeeInvis .   a - +0 flail
rCold    . . .     Gourm    .   c - +0 shield
rNeg     . . .     Faith    .   b - +0 scale mail
rPois    .         Spirit   .   (no helmet)
rElec    .         Reflect  .   (no cloak)
rCorr    .         Harm     .   (no gloves)
MR       .....                  (no boots)
Stlth    ..........             (no amulet)
HPRegen  0.11/turn              (no ring)
MPRegen  0.09/turn              (no ring)

@: no status effects
A: small, carnivore
a: no special abilities


You were on level 2 of the Dungeon.
You were hungry.

You visited 1 branch of the dungeon, and saw 2 of its levels.

You collected 66 gold pieces.

Inventory:

Hand Weapons
 a - a +0 flail (weapon)
Armour
 b - a +0 scale mail (worn)
 c - a +0 shield (worn)
Scrolls
 g - a scroll of enchant armour {unknown}
 l - a scroll of teleportation {unknown}
 m - a scroll of random uselessness {unknown}
Comestibles
 f - 7 rations


   Skills:
 + Level 3.9 Fighting
 + Level 2.5 Maces & Flails
 + Level 2.9 Armour
 + Level 2.1 Dodging
 + Level 2.9 Shields


You had 4 spell levels left.
You didn't know any spells.
Your spell library was empty.

Dungeon Overview and Level Annotations

Branches:
Dungeon (2/15)

Altars:


Innate Abilities, Weirdness & Mutations

You are small and have problems with some larger weapons.
You are carnivorous and can eat meat at any time.


Message History

You block the kobold's attack.
You miss the kobold. The kobold hits you.
You block the frilled lizard's attack.
You miss the kobold. You block the kobold's attack.
You block the frilled lizard's attack. The kobold barely misses you.
You barely miss the kobold. The frilled lizard barely misses you.
The kobold closely misses you.
You hit the kobold but do no damage. You block the frilled lizard's attack.
The kobold barely misses you. You block the frilled lizard's attack.
You closely miss the kobold. The kobold hits you but does no damage.
You block the frilled lizard's attack. The kobold completely misses you.
You hit the kobold.
You kill the kobold!
You block the frilled lizard's attack.
You miss the frilled lizard. You block the frilled lizard's attack.
The frilled lizard bites you but does no damage.
You sock the frilled lizard!
You kill the frilled lizard!
No target in view!
No target in view!
No target in view!
No target in view!
No target in view!
No target in view!
No target in view!
No target in view!
No target in view!
No target in view!
No target in view!
No target in view!
No target in view!
No target in view!
No target in view!
Things that are here:
a +0 hunting sling; 18 stones; a goblin corpse A kobold comes into view.
A kobold is nearby!
A kobold is nearby!
The kobold shouts!
The kobold throws a stone.
The stone hits you but does no damage.
You see here a stone.
You barely miss the kobold.
You are feeling hungry.
You block the kobold's attack. x2
You hit the kobold but do no damage. You block the kobold's attack.
You hit the kobold but do no damage. The kobold misses you.
You block the kobold's attack.
Your shield prevents you from hitting the kobold.
You block the kobold's attack.
You hit the kobold. You block the kobold's attack.
You hit the kobold. The kobold barely misses you.
You block the kobold's attack.
You barely miss the kobold. The kobold hits you.
You take 1 damage, and have 32/33 hp.
You thump the kobold!
You kill the kobold!
No target in view!
No target in view!
Health restored: 33 No target in view!
No target in view!
No target in view!
No target in view!
No target in view!
No target in view!
No target in view!
No target in view!
No target in view!
No target in view!
No target in view!
No target in view!
No target in view!
You see here a stone.
You now have 66 gold pieces (gained 8).
You feel a little less agile now.
You see here a stone.
You see here a kobold corpse.
Found a stone staircase leading down.
A worm comes into view.
You see here a ration.
The worm bites you!
You hit the worm. The worm closely misses you.
You hit the worm but do no damage. The worm closely misses you.
You hit the worm. You thump the worm! The worm bites you.
You are too injured to fight recklessly!
You are too injured to fight recklessly!
You take 14 damage, and have 19/33 hp.
MASSIVE DAMAGE!!
You hit the worm. The worm barely misses you.
You barely miss the worm. The worm bites you!
You take 6 damage, and have 13/33 hp.
You hit the worm but do no damage. You completely miss the worm.
The worm bites you!
* * * LOW HITPOINT WARNING * * *
You take 8 damage, and have 5/33 hp.
MASSIVE DAMAGE!!
Unknown command.
You hit the worm but do no damage. The worm bites you.
You die...

************* *..,,,,,,,,,*
***********.#********,*****
*,,,,,,,,,,.# *,,,,,,,,,*
**,******##.# *,***,***,*
*,* *,,...# *,* *,*,*,* *,*
*,*#..#####.###.#.#,# *,*
#,*#w.............,,. *,*
#.##@............,*,# *,*
#.....#####.#...#.#,*
*,#######.##.###.#...#.#,,
*,........##.....#...#.#**
**#######%#......#...#.###
#......†..(.......
#.#..###.#...#.### #.#..#
#.#...#.# # #.#..#
#.#...#.###


You could see a worm.

Vanquished Creatures
  An ogre (D:2)
  A dart slug (D:1)
  A leopard gecko (D:1)
  2 goblins
  4 hobgoblins
  4 jackals (D:1)
  4 kobolds
  3 bats (D:1)
  2 frilled lizards (D:2)
  3 rats (D:1)
25 creatures vanquished.

Notes
Turn   | Place    | Note
-------+----------+-------------------------------------------
     0 | D:1      | mhoghedin the Kobold Fighter began the quest for the Orb.
     0 | D:1      | Reached XP level 1. HP: 14/14 MP: 1/1
    54 | D:1      | Reached XP level 2. HP: 19/19 MP: 2/2
   157 | D:1      | Reached skill level 2 in Maces & Flails
   209 | D:1      | Reached skill level 1 in Dodging
   532 | D:1      | Reached XP level 3. HP: 23/23 MP: 3/3
   775 | D:2      | Noticed an ogre
   787 | D:2      | Killed an ogre
   787 | D:2      | Reached skill level 2 in Dodging
   787 | D:2      | Reached XP level 4. HP: 15/29 MP: 4/4
   787 | D:2      | Reached XP level 5. HP: 17/33 MP: 5/5
  1053 | D:2      | HP: 5/33 [worm (8)]
  1054 | D:2      | Slain by a worm

Levels and vault maps discovered:
D:1:      dpeg_arrival_arbitrary_c, layout_loops_ring, serial_glass,
          glass_columns_b, glass_columns_a
D:2:      layout_basic, first_ration, hex_large, glass_columns_a

Skill      XL: |  1  2  3 |
---------------+----------+-----
Maces & Flails | 2 |  2.5
Dodging        | 1 2 |  2.1
Fighting       | |  3.9
Armour         | |  2.9
Shields        | |  2.9

Action                   |  1- 3 |  4- 6 || total
-------------------------+-------+-------++-------
Melee: Flail             |    65 |    34 ||    99
  Use: Potion            |     1 |     4 ||     5
       Scroll            |       |     1 ||     1
Armor: Scale mail        |    35 |     5 ||    40
Dodge: Dodged            |    24 |    12 ||    36
Block: Shield            |    32 |    22 ||    54

Table legend:
 A = Non-vault XP
 B = Vault XP
 C = Vault XP percentage of total XP
 D = Non-vault monster count
 E = Vault monster count
 F = Vault count percentage of total count
                 A         B        C        D         E       F
            +---------+---------+-------+---------+---------+-------
      Total |     161 |       0 |   0.0 |      25 |       0 |   0.0
            +---------+---------+-------+---------+---------+-------
        D:1 |      33 |       0 |   0.0 |      18 |       0 |   0.0
        D:2 |     128 |       0 |   0.0 |       7 |       0 |   0.0
            +---------+---------+-------+---------+---------+-------

Levels and vault maps discovered:
D:1:      dpeg_arrival_arbitrary_c, layout_loops_ring, serial_glass,
          glass_columns_b, glass_columns_a
D:2:      layout_basic, first_ration, hex_large, glass_columns_a

Table legend:
 A = Turns spent in this place as a percentage of turns spent in the entire game.
 B = Non-inter-level travel turns spent in this place as a percentage of non-inter-level travel turns spent in the entire game.
 C = Inter-level travel turns spent in this place as a percentage of turns spent in this place.
 D = Turns resting spent in this place as a percentage of non-inter-level travel turns spent in this place.
 E = Turns spent auto-exploring this place as a percentage of non-inter-level travel turns spent in this place.
 F = Non-inter-level travel turns spent in this place divided by the number of levels of this place that you've seen.
                   A       B       C       D       E      F
               +-------+-------+-------+-------+-------+----------------------
         Total | 100.0 | 100.0 |   0.9 |  30.1 |  51.2 | 522.0
       Dungeon | 100.0 | 100.0 |   0.9 |  30.1 |  51.2 | 522.0
               +-------+-------+-------+-------+-------+----------------------

Table legend:
 A = Kills in this place as a percentage of kills in entire the game.
 B = Kills by you in this place as a percentage of kills by you in the entire game.
 C = Kills by friends in this place as a percentage of kills by friends in the entire game.
 D = Other kills in this place as a percentage of other kills in the entire game.
 E = Experience gained in this place as a percentage of experience gained in the entire game.
 F = Experience gained in this place divided by the number of levels of this place that you have seen.
                   A       B       C       D       E      F
               +-------+-------+-------+-------+-------+----------------------
         Total | 100.0 | 100.0 |   N/A |   N/A | 100.0 |  80.5
       Dungeon | 100.0 | 100.0 |   N/A |   N/A | 100.0 |  80.5
               +-------+-------+-------+-------+-------+----------------------
